 Dungeon Crawl Stone Soup version 0.26-a0-519-gb2f46ef (webtiles) character file.

Game seed: 10285023290171371050

745 MrTaco21 the Basher (level 7, -4/41 HPs)
             Began as a Gargoyle Fighter on Aug 11, 2020.
             Was an Initiate of Qazlal.
             Slain by an orc warrior
             ... wielding a +0 short sword
              (10 damage)
             ... on level 6 of the Dungeon.
             The game lasted 00:09:49 (5652 turns).

MrTaco21 the Basher (Gargoyle Fighter)              Turns: 5652, Time: 00:09:50

Health: -4/41      AC: 17    Str: 21    XL:     7   Next: 76%
Magic:  7/7        EV:  5    Int:  9    God:    Qazlal [......]
Gold:   386        SH: 14    Dex:  9    Spells: 6/6 levels left

rFire    . . .     SeeInvis .   a - +0 flail
rCold    + . .     Faith    .   c - +0 kite shield
rNeg     + . .     Spirit   .   D - +0 chain mail
rPois    ∞         Reflect  +   y - +0 helmet
rElec    +         Harm     .   x - scarf {repulsion}
rCorr    +                      i - +0 pair of gloves
MR       .....                  A - +0 pair of boots
Stlth    ..........             s - amulet of reflection
HPRegen  0.13/turn              f - ring of resist corrosion
MPRegen  0.10/turn              o - ring of protection from cold

@: repel missiles
A: negative energy resistance 1, electricity resistance, unbreathing,
petrification resistance, rot immunity, AC +4
a: Renounce Religion


You were on level 6 of the Dungeon.
You worshipped Qazlal.
Qazlal was noncommittal.
You visited 1 branch of the dungeon, and saw 6 of its levels.

You collected 386 gold pieces.

Inventory:

Hand Weapons
 a - a +0 flail (weapon)
Missiles
 k - 27 poisoned darts (quivered)
Armour
 c - a +0 kite shield (worn)
 i - a +0 pair of gloves (worn)
   (You found it on level 3 of the Dungeon)
 x - a scarf of repulsion (worn)
   (You found it on level 3 of the Dungeon)
 y - a +0 helmet (worn)
   (You found it on level 4 of the Dungeon)
 A - a +0 pair of boots (worn)
   (You found it on level 4 of the Dungeon)
 D - a +0 chain mail (worn)
   (You found it on level 6 of the Dungeon)
Jewellery
 f - a ring of resist corrosion (left hand)
   (You found it on level 1 of the Dungeon)
 o - a ring of protection from cold (right hand)
   (You found it on level 2 of the Dungeon)
 s - an amulet of reflection (around neck)
   (You found it on level 4 of the Dungeon)
Wands
 t - a wand of flame (10)
   (You found it on level 3 of the Dungeon)
Scrolls
 b - 3 scrolls of enchant weapon {unknown}
 g - 4 scrolls of remove curse {@r2}
 l - a scroll of teleportation {@r4}
 p - a scroll of noise {unknown}
 r - a scroll of blinking
 u - 2 scrolls of amnesia {unknown}
 B - a scroll of identify {@r1}
 E - a scroll of fog {unknown}
Potions
 d - 2 potions of might
 e - a potion of degeneration {unknown}
 h - a potion of haste {unknown}
 j - 3 potions of heal wounds {unknown}
 m - 2 potions of flight {unknown}
 n - 2 potions of brilliance {unknown}
 q - 2 potions of invisibility {unknown}
 v - 4 potions of curing {unknown}
 w - a potion of berserk rage {unknown}
 z - a potion of resistance {unknown}
 C - a potion of magic {unknown}


   Skills:
 - Level 3.2 Fighting
 + Level 8.6 Maces & Flails
 - Level 3.2 Armour
 - Level 3.2 Shields


You had 6 spell levels left.
You didn't know any spells.
Your spell library was empty.

Dungeon Overview and Level Annotations

Branches:
Dungeon (6/15)             Temple (0/1) D:6

Altars:
Hepliaklqana
Nemelex Xobeh
Okawaru
Qazlal
Vehumet
Zin
The Shining One

Annotations:
D:6 Maggie


Innate Abilities, Weirdness & Mutations

You are resistant to torment.
Your stone body is resilient. (AC +4)
You are immune to poison.
You resist negative energy. (rN+)
You are resistant to electric shocks. (rElec)
You can survive without breathing.
You are immune to petrification.
You are immune to rotting.


Message History

Something hits you but does no damage.
The orc warrior hits you but does no damage.
You closely miss the orc warrior. Something hits you but does no damage.
You block something's attack. The orc warrior barely misses you.
You barely miss the orc warrior. Something hits you but does no damage.
The orc warrior hits you with a +0 short sword!
* * * LOW HITPOINT WARNING * * *
Something hits you but does no damage.
You sock the orc warrior! Something hits you but does no damage.
The orc warrior hits you but does no damage.
Something hits you but does no damage.
You barely miss the orc warrior.
Unknown command.
You miss something. You block something's attack.
Unknown command.
You closely miss something.
You hear some strange, mumbled words.
A puff of flame appears from out of thin air!
The puff of flame reflects off an invisible shield around you!
The puff of flame hits something!
The orc warrior hits you but does no damage.
Unknown command.
You barely miss something. Something hits you but does no damage.
You block the orc warrior's attack. Something hits you but does no damage.
You closely miss the orc warrior. Something hits you but does no damage.
You block the orc warrior's attack. x2
You hit the orc warrior but do no damage.
Something hits you but does no damage.
The orc warrior hits you but does no damage.
Unknown command.
You barely miss the orc warrior. Something hits you but does no damage.
You hear some strange, mumbled words.
A puff of flame appears from out of thin air!
The puff of flame reflects off an invisible shield around you!
The puff of flame hits something!
Qazlal accepts your kill.
Reactivating autopickup.
You feel a bit more experienced.
The orc warrior hits you with a +0 short sword.
* * * LOW HITPOINT WARNING * * *
You barely miss the orc warrior. The orc completely misses you.
The orc warrior hits you with a +0 short sword!
You die...

........####.........#
#.....#.
...≈≈≈...............#
#.....'.
...≈≈≈...###.........#
#.....#. ...≈≈≈..##
####'########+#.....##
...≈≈≈..#
##....#...........[.(.
....8...#
#.....#...............
.......##
#.....#...............
......##
#....o#...............
......#
#....@o...............
......#
#######...............
......#
#.........########....
......#
#.........#......#....
......#
#.........#......#....
......#
#.........#......# ..
......#
#.........#...<..#
......#
#.........#......#
(.....#
#.<.......'..†...#


You could see an orc warrior and an orc.

Vanquished Creatures
  A phantom (D:4)
  2 scorpions
  A crimson imp (D:5)
  4 hounds
  An orc priest (D:6)
  An orc wizard (D:6)
  4 worker ants
  A hound skeleton (D:5)
  4 gnolls (D:4)
  3 adders
  6 white imps
  An ooze (D:6)
  An adder skeleton (D:4)
  2 worms
  5 dart slugs
  5 leopard geckos
  6 orcs (D:4)
  5 giant cockroaches
  3 goblins
  9 hobgoblins
  13 jackals
  3 quokkas
  A ball python (D:4)
  6 bats
  4 frilled lizards
  A giant cockroach zombie (D:6)
  10 kobolds
  A quokka skeleton (D:6)
  A quokka zombie (D:5)
  10 rats
115 creatures vanquished.

Notes
Turn   | Place    | Note
-------+----------+-------------------------------------------
     0 | D:1      | MrTaco21 the Gargoyle Fighter began the quest for the Orb.
     0 | D:1      | Reached XP level 1. HP: 14/14 MP: 1/1
    70 | D:1      | Reached XP level 2. HP: 13/19 MP: 2/2
   346 | D:1      | Reached skill level 3 in Maces & Flails
   640 | D:1      | Reached XP level 3. HP: 23/23 MP: 3/3
  1139 | D:2      | Found a hazy altar of Hepliaklqana.
  1241 | D:2      | Reached skill level 4 in Maces & Flails
  1269 | D:2      | Reached XP level 4. HP: 22/28 MP: 4/4
  2116 | D:3      | Found a glowing golden altar of the Shining One.
  2529 | D:3      | Reached skill level 5 in Maces & Flails
  2651 | D:4      | Reached XP level 5. HP: 30/32 MP: 5/5
  2867 | D:4      | Reached skill level 6 in Maces & Flails
  2867 | D:4      | Reached XP level 6. HP: 32/37 MP: 6/6
  2977 | D:4      | Found an iron altar of Okawaru.
  3067 | D:4      | Found a stormy altar of Qazlal.
  3070 | D:4      | Found a sparkling altar of Nemelex Xobeh.
  3074 | D:4      | Became a worshipper of Qazlal Stormbringer
  3181 | D:4      | Found a glowing silver altar of Zin.
  3208 | D:4      | Noticed a phantom
  3231 | D:4      | Killed a phantom
  3231 | D:4      | Reached skill level 7 in Maces & Flails
  3231 | D:4      | Reached XP level 7. HP: 34/41 MP: 7/7
  3795 | D:5      | Entered Level 5 of the Dungeon
  4099 | D:5      | You fall into a shaft and drop 1 floor!
  4175 | D:6      | Found a radiant altar of Vehumet.
  4449 | D:6      | Reached skill level 8 in Maces & Flails
  4485 | D:6      | Found a staircase to the Ecumenical Temple.
  4490 | D:6      | Noticed Maggie
  5652 | D:6      | Slain by an orc warrior

Illustrated notes

Levels and vault maps discovered:
D:1:      roderic_octagonal_star, layout_loops_ring,
          chequers_serial_rivers_large_a
D:2:      layout_basic, lemuel_crystal_altar
D:3:      layout_loops_ring, tso_oasis_becter
D:4:      layout_loops_ring, overflow_temple_1_default,
          grunt_temple_overflow_open, portal_sewer_entry_d
D:5:      layout_layer_cave, minmay_fire_ice_demons
D:6:      layout_gridville, nicolae_gozag_seed_capital,
          minmay_temple_entry_glassed_door, serial_park_tiny_pond,
          lemuel_tele_altar, uniq_maggie

Skill      XL: |  1  2  3  4  5  6  7 |
---------------+----------------------+-----
Maces & Flails | 3 4 5 6 7 8 |  8.6
Fighting       | |  3.2
Armour         | |  3.2
Shields        | |  3.2

Action                   |  1- 3 |  4- 6 |  7- 9 || total
-------------------------+-------+-------+-------++-------
Melee: Flail             |   104 |   238 |   165 ||   507
  Use: Scroll            |       |     5 |     1 ||     6
Armor: Scale mail        |    60 |    98 |    28 ||   186
       Chain mail        |       |       |    66 ||    66
Dodge: Dodged            |    30 |    58 |    26 ||   114
       Repelled          |       |       |     1 ||     1
Block: Kite shield       |    58 |   111 |   122 ||   291
       Reflection        |       |       |     7 ||     7

Table legend: (Time is in decaauts)
 A = Elapsed time spent in this place.
 B = Non-inter-level travel time spent in this place.
 C = Inter-level travel time spent in this place.
 D = Time resting spent in this place.
 E = Time spent auto-exploring this place.
 F = Levels seen in this place.
 G = Mean time per level.
                   A        B        C        D        E       F      G
               +--------+--------+--------+--------+--------+-----+--------+
         Total |   5768 |   5448 |    320 |    208 |   4130 |   6 |  961.3 |
       Dungeon |   5768 |   5448 |    320 |    208 |   4130 |   6 |  961.3 |
               +--------+--------+--------+--------+--------+-----+--------+

Top non-repeatable levels by time:
     D:5: 1351 daAuts
     D:4: 1188 daAuts
     D:1: 1035 daAuts
     D:2: 855 daAuts
     D:3: 817 daAuts
     D:6: 520 daAuts
